 Dungeon Crawl Stone Soup version 0.31-a0-1370-gf52a5a9ab3 (webtiles) character file.

Game seed: 8498608130430526799

426 thriggle the Trooper (level 6, 0/7 HPs)
             Began as an Oni Wanderer on Dec 24, 2023.
             Was a Follower of Hepliaklqana.
             Slain by a hound (3 damage)
             ... on level 4 of the Dungeon.
             The game lasted 00:11:50 (2405 turns).

thriggle the Trooper (Oni Wanderer)                 Turns: 2405, Time: 00:11:51

Health: 0/7        AC:  7    Str: 26    XL:     6   Next: 97%
Magic:  5/8        EV:  8    Int: 21    God:    Hepliaklqana [*.....]
Gold:   109        SH:  0    Dex:  9    Spells: 3/7 levels left

rFire   + + .        a - melded +1 mace
rCold   x . .        (shield currently unavailable)
rNeg    . . .        e - melded +0 robe
rPois   +            (helmet currently unavailable)
rElec   .            (cloak currently unavailable)
rCorr   .            (gloves unavailable)
SInv    .            (boots unavailable)
Will    +....        (no amulet)
Stlth   +            j - +4 ring of protection
HPRegen 0.21/turn    k - +6 ring of intelligence
MPRegen 0.11/turn

%: no passive effects
@: confusing by touch, short of breath, dragon-form, flying
A: dragon claw, dragon scales, breathe fire, flying, reduced hp, reduced
essence, giant, unfitting armour, (horns 1), (tough skin 1), double potion
healing, drunken brawling, frail 1, strong-willed 1, teleportitis 1
a: Breathe Fire, Begin Untransformation, Renounce Religion, Recall Ancestor,
Ancestor Identity


You were on level 4 of the Dungeon.
You worshipped Hepliaklqana.
Hepliaklqana was aware of your devotion.
You were a fearsome dragon!
You visited 1 branch of the dungeon, and saw 4 of its levels.

You collected 109 gold pieces.

Inventory:

Hand Weapons
 a - a +1 mace (melded)
 r - a +0 trident of flaming
Missiles
 q - 15 stones
Armour
 e - a +0 robe (melded)
 g - a +1 robe of resistance
Jewellery
 j - a +4 ring of protection (left foreclaw)
 k - a +6 ring of intelligence (right foreclaw)
 o - a ring of poison resistance
Talismans
 h - a dragon-blood talisman (active)
Scrolls
 d - 2 scrolls of fear
 f - 6 scrolls of teleportation
 i - 2 scrolls of enchant weapon {unknown}
 l - 2 scrolls of blinking {unknown}
 m - a scroll of summoning {unknown}
 n - a scroll of identify {unknown}
 p - a scroll of vulnerability
Potions
 b - a potion of haste
 c - 2 potions of heal wounds
 s - a potion of lignification {unknown}
 t - a potion of cancellation {unknown}


   Skills:
 + Level 5.7 Fighting
 - Level 1.5 Maces & Flails
 + Level 3.3 Dodging
 + Level 4.6 Unarmed Combat
 + Level 1.3 Spellcasting
 + Level 1.1 Hexes
 * Level 2.8 Shapeshifting


You had 3 spell levels left.
You knew the following spells:

 Your Spells              Type           Power      Damage    Failure   Level
a - Slow                  Hex            24%        N/A       10%         1
b - Confusing Touch       Hex            6%         N/A       30%         3

Your spell library contained the following spells:

 Spells                   Type           Power      Damage    Failure   Level
 Necrotise                Necr           4%         1d4       16%         1
 Sigil of Binding         Hex            6%         N/A       30%         3
 Vampiric Draining        Necr           1%         2d6       43%         3
 Agony                    Necr           1%         N/A       99%         5


Dungeon Overview and Level Annotations

Branches:
Dungeon (4/15)
 Temple: D:4-7

Altars:
Dithmenos
Elyvilon
Gozag
Hepliaklqana
Trog


Innate Abilities, Weirdness & Mutations

You are a fearsome dragon!
You have a powerful clawing attack.
Your giant scaled body is strong and resilient, but less evasive.
You can breathe fire.
You are flying.
Your maximum health is decreased, since you lack skill for your form.
Your armour is entirely melded.
You are incapable of wielding weapons or throwing items.
Your life essence is reduced to manifest your ancestor. (-10% HP)
You are too large for most types of armour.
((You have a pair of small horns on your head.))
((You have tough skin. (AC +1)))
You gain doubled healing and magic from potions.
Whenever you drink a healing potion, you attack all around you.
You are frail. (-10% HP)
You are strong-willed. (Will+)
You are occasionally teleported next to monsters.


Message History

Your Hexes skill increases to level 1!
Found a robe.
You claw the giant cockroach!
You kill the giant cockroach!
A hound comes into view.
The adder bites Ammiditana but does no damage.
Ammiditana hits the adder.
The adder closely misses Ammiditana.
There is a stone staircase leading up here.
The adder bites Ammiditana.
Ammiditana completely misses the adder.
The adder barely misses Ammiditana.
Ammiditana misses the adder.
The adder closely misses Ammiditana.
A goblin comes into view. It is wielding a +0 club.
The hound bites you but does no damage.
Ammiditana misses the adder.
The adder bites Ammiditana.
You closely miss the hound. Your bite misses the hound.
The hound barely misses you.
The adder bites Ammiditana.
Ammiditana closely misses the adder.
You claw the hound!
The hound is severely wounded.
The hound bites you but does no damage.
The adder barely misses Ammiditana.
The hound bites you.
Ammiditana barely misses the adder.
You closely miss the hound.
The hound is severely wounded.
The adder bites Ammiditana.
The hound bites you.
You barely miss the hound.
The hound is severely wounded.
The hound closely misses you.
The adder barely misses Ammiditana.
Ammiditana barely misses the adder.
Casting: Slow (safe; 10% risk of failure)
Confirm with . or Enter, or press ? or * to list all spells.
Your foreclaws begin to glow red.
The hound bites you.
* * * LOW HITPOINT WARNING * * *
The adder barely misses Ammiditana.
Ammiditana closely misses the adder.
The hound closely misses you.
The adder bites Ammiditana.
You hit the hound but do no damage. Your bite misses the hound.
The hound is severely wounded.
The hound bites you but does no damage.
Ammiditana closely misses the adder.
The adder bites Ammiditana.
You barely miss the goblin. Your bite misses the goblin. The hound bites you.
You die...

................
[..............(
................
#...............
................
#...^.†....$..#
##.....#.....#
........<.########
..##..#....Dg....#
..........h.......
##..##....R......#
#.# #.....S......
#. #......[...#. .
..............
###...........#
#..........##
#..........#


You could see the friendly Ammiditana the ancestor, a hound, an adder (ally
target) and a goblin.

Vanquished Creatures
  Sigmund (D:2)
  Menkaure (D:4)
  A hound (D:3)
  Robin (D:3)
  3 adders
  A worm (D:3)
  A dart slug (D:1)
  An orc (D:3)
  3 bats
  2 endoplasms (D:2)
  3 giant cockroaches
  8 goblins
  11 hobgoblins
  3 jackals (D:1)
  5 ball pythons
  A frilled lizard (D:3)
  2 kobolds
  3 rats (D:2)
51 creatures vanquished.

Vanquished Creatures (collateral kills)
  4 goblins (D:3)
  A hobgoblin (D:3)
  A ball python (D:3)
  A bat (D:3)
7 creatures vanquished.

Grand Total: 58 creatures vanquished

Notes
Turn   | Place    | Note
-------+----------+-------------------------------------------
     0 | D:1      | thriggle the Oni Wanderer began the quest for the Orb.
     0 | D:1      | thriggle set off with the following items: a +1 mace, a
                  | potion of haste, a potion of heal wounds, a scroll of fear,
                  | a +0 robe.
     0 | D:1      | Reached XP level 1. HP: 24/24 MP: 1/1
   232 | D:1      | Reached XP level 2. HP: 29/32 MP: 2/2
   793 | D:2      | Reached XP level 3. HP: 27/40 MP: 3/3
   796 | D:2      | Noticed Sigmund
   820 | D:2      | Gained mutation: You occasionally shout uncontrollably at
                  | your foes. [potion of mutation]
   820 | D:2      | Gained mutation: You occasionally lose the ability to read
                  | scrolls when taking damage. [potion of mutation]
   820 | D:2      | Gained mutation: You are somewhat resistant to further
                  | mutation. [potion of mutation]
   821 | D:2      | Killed Sigmund
   822 | D:2      | Reached skill level 5 in Fighting
   822 | D:2      | Reached skill level 1 in Shapeshifting
   822 | D:2      | Reached XP level 4. HP: 7/50 MP: 4/4
   822 | D:2      | Reached XP level 5. HP: 8/57 MP: 5/5
  1103 | D:2      | Learned a level 1 spell: Slow
  1374 | D:2      | Found a faded altar of an unknown god.
  1384 | D:2      | Prayed at the altar of an unknown god.
  1384 | D:2      | Became a worshipper of Hepliaklqana the Forgotten
  1384 | D:2      | Reached * piety under Hepliaklqana
  1560 | D:2      | Lost mutation: You occasionally shout uncontrollably at
                  | your foes. [potion of mutation]
  1560 | D:2      | Lost mutation: You are somewhat resistant to further
                  | mutation. [potion of mutation]
  1560 | D:2      | Lost mutation: You occasionally lose the ability to read
                  | scrolls when taking damage. [potion of mutation]
  1560 | D:2      | Gained mutation: You are frail. (-10% HP) [potion of
                  | mutation]
  1560 | D:2      | Gained mutation: You are occasionally teleported next to
                  | monsters. [potion of mutation]
  1560 | D:2      | Gained mutation: You are strong-willed. (Will+) [potion of
                  | mutation]
  1603 | D:3      | Found a white marble altar of Elyvilon.
  1807 | D:3      | Reached XP level 6. HP: 5/52 MP: 6/6
  1982 | D:3      | Noticed Robin
  1983 | D:3      | Found a shadowy altar of Dithmenos.
  1983 | D:3      | Found a hazy altar of Hepliaklqana.
  1983 | D:3      | Noticed a shadow
  2006 | D:3      | Killed Robin
  2022 | D:3      | Learned a level 3 spell: Confusing Touch
  2177 | D:3      | Found a bloodstained altar of Trog.
  2322 | D:3      | Found an opulent altar of Gozag.
  2391 | D:4      | Noticed Menkaure
  2392 | D:4      | Killed Menkaure
  2393 | D:4      | Reached skill level 1 in Spellcasting
  2393 | D:4      | Reached skill level 1 in Hexes
  2405 | D:4      | Slain by a hound

Illustrated notes

Levels and vault maps discovered:
D:1:      sevenhm_arrival_forest_fort_large_4, layout_rooms,
          minmay_misc_feat_four_crosses
D:2:      layout_loops_ring, shapermc_ecumenical_altar_totnotflames,
          uniq_sigmund
D:3:      layout_loops_ring, elyvilon_altar_4, nicolae_overflow_hidden_temple,
          riverfiend_overflow_shadow_ancestor, lemuel_coloured_pillars_altar,
          minivault_11, uniq_robin
D:4:      layout_rooms, uniq_menkaure

Skill      XL: |  1  2  3  4  5  6 |
---------------+-------------------+-----
Dodging        | 2 3 |  3.3
Fighting       | 5 |  5.7
Unarmed Combat | 4 |  4.6
Shapeshifting  | 1 2 |  2.8
Spellcasting   | 1 |  1.3
Hexes          | 1 |  1.1
Maces & Flails | |  1.5

Action                     |  1- 3 |  4- 6 || total
---------------------------+-------+-------++-------
  Melee: Mace              |    57 |       ||    57
         Headbutt          |     4 |       ||     4
         Punch             |     1 |       ||     1
         Unarmed           |       |    51 ||    51
         Tailslap          |       |     5 ||     5
         Bite              |       |     2 ||     2
   Cast: Slow              |       |     4 ||     4
         Confusing Touch   |       |     1 ||     1
Ability: Breathe Fire      |     1 |    12 ||    13
    Use: Scroll            |     3 |       ||     3
         Potion            |     2 |     2 ||     4
 Armour: Robe              |    51 |       ||    51
         Skin              |       |    33 ||    33
  Dodge: Dodged            |    37 |    23 ||    60
   Form: Dragon            |     2 |       ||     2
                           |     1 |       ||     1

Table legend: (Time is in decaauts)
 A = Elapsed time spent in this place.
 B = Non-inter-level travel time spent in this place.
 C = Inter-level travel time spent in this place.
 D = Time resting spent in this place.
 E = Time spent auto-exploring this place.
 F = Levels seen in this place.
 G = Mean time per level.
                   A        B        C        D        E       F      G
               +--------+--------+--------+--------+--------+-----+--------+
         Total |   2418 |   2349 |     69 |    180 |   1333 |   4 |  604.5 |
       Dungeon |   2418 |   2349 |     69 |    180 |   1333 |   4 |  604.5 |
               +--------+--------+--------+--------+--------+-----+--------+

Top non-repeatable levels by time:
     D:2: 832 daAuts
     D:3: 807 daAuts
     D:1: 765 daAuts
     D:4: 13 daAuts
